 Dungeon Crawl Stone Soup version 0.28-a0-938-gbc3f381ebc (webtiles) character file.

Game seed: 5832679108841902478

26 gruber the Cutter (level 3, 23/23 HPs)
             Began as a Kobold Berserker on Nov 28, 2021.
             Was a Follower of Trog.
             Quit the game on level 1 of the Dungeon.
             The game lasted 00:00:58 (1144 turns).

gruber the Cutter (Kobold Berserker)                Turns: 1144, Time: 00:00:59

Health: 23/23      AC:  2    Str: 14    XL:     3   Next: 22%
Magic:  3/3        EV: 15    Int:  8    God:    Trog [*.....]
Gold:   29         SH:  0    Dex: 15    Spells: 2/2 levels left

rFire   . . .      SeeInvis .   a - +0 short sword
rCold   . . .      Faith    .   (shield restricted)
rNeg    . . .      Spirit   .   b - +0 animal skin
rPois   .          Reflect  .   (no helmet)
rElec   .          Harm     .   (no cloak)
rCorr   .          Rampage  .   (no gloves)
Will    .....                   (no boots)
Stlth   +++.......              (no amulet)
HPRegen 0.07/turn               (no ring)
MPRegen 0.08/turn               (no ring)

@: no status effects
A: small, no large weapons, nightstalker 3
a: Renounce Religion, Berserk


You were on level 1 of the Dungeon.
You worshipped Trog.
Trog was aware of your devotion.
You visited 1 branch of the dungeon, and saw 1 of its levels.

You collected 29 gold pieces.

Inventory:

Hand Weapons
 a - a +0 short sword (weapon)
Missiles
 e - 2 curare-tipped darts (quivered)
Armour
 b - a +0 animal skin (worn)
Scrolls
 f - a scroll of enchant weapon {unknown}
Potions
 c - 2 potions of might {unknown}
 d - a potion of degeneration {unknown}


   Skills:
 - Level 3.2 Fighting
 + Level 4.8 Short Blades
 - Level 1.5 Armour
 + Level 2.9 Dodging
 * Level 2.0 Stealth


You had 2 spell levels left.
You didn't know any spells.
Your spell library was empty.

Dungeon Overview and Level Annotations

Branches:
Dungeon (1/15)

Altars:


Innate Abilities, Weirdness & Mutations

You are small and have problems with some larger weapons.
You are completely attuned to the shadows.


Message History

The ball python bites you but does no damage.
The ball python grabs you. The ball python constricts you.
You hit the ball python.
The ball python is moderately wounded.
The ball python bites you. The ball python constricts you.
You hit the ball python.
The ball python is severely wounded.
The ball python barely misses you. The ball python constricts you.
* * * LOW HITPOINT WARNING * * *
You hit the ball python.
You kill the ball python!
Trog accepts your kill.
Your Stealth skill increases to level 2!
Things that are here:
a +0 club; a goblin corpse Unknown command.
Unknown command.
Unknown command.
Unknown command.
Unknown command.
f - a scroll labelled GOOSOI ITYLO Unknown command.
Things that are here:
a +0 club; a goblin skeleton You see here a hobgoblin skeleton.
There is a stone staircase leading down here.
A goblin comes into view. It is wielding a +0 dagger.
Unknown command.
Unknown command.
The goblin shouts!
A goblin is nearby!
Unknown command.
A goblin is nearby!
Unknown command.
A goblin is nearby!
Unknown command.
A goblin is nearby!
Are you sure you want to abandon this character and quit the game? (Confirm with "yes".)
Okay, then.
Are you sure you want to abandon this character and quit the game? (Confirm with "yes".)

#..........#.#
######..#######.#.# #...........
#.#.# ####### #.####..#### #.#.#
#...... ####.####..# #.#
#.######.##### ...#.#.....# #g#
#............. ##.#...###.# #.#
#######.#.#### ##.....#.#.#
##.## #####.###.##
...........###..@#. .....## ##.#
####..#.#..##..#.......##.###.##
.###..###..##....##### ##.#.####
............>.#.## #....†..
####..###.....#.# #.######
................. #.#
#####..#..###.###. #.#
#.###...... ###.# ### #..#..###.
.#...######


You could see a goblin.

Vanquished Creatures
  2 dart slugs (D:1)
  An endoplasm (D:1)
  2 goblins (D:1)
  4 hobgoblins (D:1)
  4 ball pythons (D:1)
  2 bats (D:1)
  4 frilled lizards (D:1)
  3 kobolds (D:1)
  A rat (D:1)
23 creatures vanquished.

Notes
Turn   | Place    | Note
-------+----------+-------------------------------------------
     0 | D:1      | gruber the Kobold Berserker began the quest for the Orb.
     0 | D:1      | Reached XP level 1. HP: 14/14 MP: 1/1
    55 | D:1      | Reached skill level 1 in Stealth
   296 | D:1      | Found a faded altar of an unknown god.
   354 | D:1      | Reached XP level 2. HP: 19/19 MP: 2/2
   700 | D:1      | Reached XP level 3. HP: 22/23 MP: 3/3
  1144 | D:1      | Quit the game

Illustrated notes

Levels and vault maps discovered:
D:1:      heliophobic_arrival_ceremonial_halls, layout_loops_ring,
          hellmonk_ecumenical_altar_run_dry, minmay_pentomino_u2

Skill      XL: |  1  2  3 |
---------------+----------+-----
Stealth        | 1 2 |  2.0
Fighting       | |  3.2
Short Blades   | |  4.8
Armour         | |  1.5
Dodging        | |  2.9

Action                   || total
-------------------------++-------
Melee: Short sword       ||    64
Invok: Berserk           ||     2
 Stab: Sleeping          ||     3
Armor: Animal skin       ||     5
Dodge: Dodged            ||    53

Table legend: (Time is in decaauts)
 A = Elapsed time spent in this place.
 B = Non-inter-level travel time spent in this place.
 C = Inter-level travel time spent in this place.
 D = Time resting spent in this place.
 E = Time spent auto-exploring this place.
 F = Levels seen in this place.
 G = Mean time per level.
                   A        B        C        D        E       F      G
               +--------+--------+--------+--------+--------+-----+--------+
         Total |   1160 |   1160 |      0 |      2 |   1018 |   1 | 1160.0 |
       Dungeon |   1160 |   1160 |      0 |      2 |   1018 |   1 | 1160.0 |
               +--------+--------+--------+--------+--------+-----+--------+

Top non-repeatable levels by time:
     D:1: 1160 daAuts
